[Event "Budapest Spring Festival 2019"]
[Site "Budapest"]
[Date "2019.04.12"]
[Round "4.24"]
[White "Skomorokhin, Roman"]
[Black "Ankit, R. Rajpara"]
[Result "1/2-1/2"]
[ECO "A05"]
[WhiteElo "2318"]
[BlackElo "2462"]
[Annotator "ChessBase"]
[PlyCount "121"]
[EventDate "2019.04.09"]
[EventType "swiss"]
[EventCountry "HUN"]
[SourceTitle "playchess.com"]
[Source "ChessBase"]
[SourceQuality "1"]
[TimeControl "40/5400+30:1800+30"]

1. Nf3 Nf6 2. c4 e6 3. Nc3 d5 4. e3 c6 5. b3 Bd6 6. Bb2 O-O 7. d4 Nbd7 8. Bd3 b6 9. O-O Bb7 10. Qc2 Rc8 11. Rad1 Qe7 12. Rfe1 Bb4 13. e4 dxe4 14. Bxe4 Nxe4 15. Qxe4 Nf6 16. Qh4 Qc7 17. Ne5 Be7 18. Qh3 a6 19. Ne2 Bb4 20. Rf1 Bd6 21. Ng3 c5 22. Rfe1 cxd4 23. Bxd4 Rfd8 24. Ng4 Nxg4 25. Qxg4 f5 26. Qg5 Bf4 27. Qh4 Bxg3 28. Qxg3 b5 29. Be5 Qf7 30. cxb5 axb5 31. Rxd8+ Rxd8 32. Rc1 Rd7 33. h4 h6 34. Rc5 Rd5 35. Rxd5 Bxd5 36. a4 bxa4 37. bxa4 Kh7 38. a5 Qg6 39. Qxg6+ Kxg6 40. a6 Ba8 41. g3 Kh5 42. Bxg7 f4 43. Be5 fxg3 44. fxg3 Kg4 45. Kf2 Kf5 46. Bg7 h5 47. Ke3 e5 48. Kd3 e4+ 49. Kd4 Kg4 50. Be5 Bc6 51. Bf4 Ba8 52. Ke5 Bc6 53. Ke6 Ba8 54. a7 Bb7 55. Kd6 Kf3 56. Ke5 Kg4 57. Kd4 Kf3 58. Bd6 e3 59. Bf4 e2 60. Bd2 Kxg3 61. Ke3 1/2-1/2

[Event "Budapest Spring Festival 2019"]
[Site "Budapest"]
[Date "2019.04.12"]
[Round "4.25"]
[White "Gorodetzky, David"]
[Black "Dixit, Nikhil"]
[Result "1/2-1/2"]
[ECO "B06"]
[WhiteElo "2461"]
[BlackElo "2302"]
[Annotator "ChessBase"]
[PlyCount "65"]
[EventDate "2019.04.09"]
[EventType "swiss"]
[EventCountry "HUN"]
[SourceTitle "playchess.com"]
[Source "ChessBase"]
[SourceQuality "1"]
[TimeControl "40/5400+30:1800+30"]

1. e4 g6 2. d4 Bg7 3. Nc3 c6 4. Nf3 d6 5. h3 Nf6 6. Be3 O-O 7. a4 d5 8. e5 Ne4 9. Nxe4 dxe4 10. Ng5 c5 11. c3 cxd4 12. cxd4 Nc6 13. Bc4 Qa5+ 14. Qd2 Qxd2+ 15. Kxd2 h6 16. Nxe4 Rd8 17. Kc3 b6 18. f3 Bb7 19. Rac1 Rac8 20. b3 Na5 21. Nd2 Nxc4 22. bxc4 f6 23. exf6 exf6 24. Rhe1 f5 25. Rb1 Bc6 26. Ra1 Rd7 27. Bf2 Bd5 28. Kd3 Bf7 29. f4 Rdc7 30. Rac1 Bf8 31. a5 Bb4 32. axb6 axb6 33. Re5 1/2-1/2

[Event "Budapest Spring Festival 2019"]
[Site "Budapest"]
[Date "2019.04.12"]
[Round "4.26"]
[White "Ruff, Maximilian"]
[Black "Erenberg, Ariel"]
[Result "1-0"]
[ECO "E32"]
[WhiteElo "2313"]
[BlackElo "2437"]
[Annotator "ChessBase"]
[PlyCount "94"]
[EventDate "2019.04.09"]
[EventType "swiss"]
[EventCountry "HUN"]
[SourceTitle "playchess.com"]
[Source "ChessBase"]
[SourceQuality "1"]
[TimeControl "40/5400+30:1800+30"]

1. d4 Nf6 2. c4 e6 3. Nc3 Bb4 4. Qc2 b6 5. e4 c5 6. d5 Qe7 7. Be2 d6 8. Bd2 O-O 9. O-O-O Bxc3 10. Bxc3 exd5 11. exd5 Ne4 12. Bd3 Nxc3 13. bxc3 h6 14. Nf3 b5 15. cxb5 a6 16. b6 Nd7 17. Qa4 Nxb6 18. Qe4 Qxe4 19. Bxe4 Bb7 20. g4 Rae8 21. Rhe1 Nd7 22. g5 hxg5 23. Nxg5 Nf6 24. c4 g6 25. Bc2 Kg7 26. Ba4 Rxe1 27. Rxe1 Ng4 28. f4 Bc8 29. Re7 Nh6 30. Rc7 Nf5 31. Kd2 Kg8 32. Kc3 a5 33. Bb5 Nd4 34. Bd7 Bxd7 35. Rxd7 Ne2+ 36. Kd2 Nxf4 37. Rxd6 Re8 38. Rf6 Nh5 39. Rc6 Nf4 40. Rxc5 Re2+ 41. Kc3 Rxa2 42. d6 Ne2+ 43. Kd3 Nc1+ 44. Ke4 Re2+ 45. Kd5 Nd3 46. Rc8+ Kg7 47. d7 Nb4+ 1-0

[Event "Budapest Spring Festival 2019"]
[Site "Budapest"]
[Date "2019.04.12"]
[Round "4.27"]
[White "Bhambure, Shantanu"]
[Black "Nguyen, Piotr"]
[Result "0-1"]
[ECO "A41"]
[WhiteElo "2261"]
[BlackElo "2427"]
[Annotator "NA"]
[PlyCount "70"]
[EventDate "2019.04.09"]
[EventType "swiss"]
[EventCountry "HUN"]
[SourceTitle "playchess.com"]
[Source "ChessBase"]
[SourceQuality "1"]
[TimeControl "40/5400+30:1800+30"]

1. d4 d6 2. c4 e5 3. d5 Be7 4. Nc3 a5 5. g3 f5 6. Bg2 {[%emt 0:09:36] A41: 1 d4 d6: Tartakower System and Modern Defence} Nf6 7. Nf3 O-O 8. O-O (8. e4 Na6 9. exf5 Bxf5 10. O-O Qd7 11. Ng5 Nc5 12. Be3 Ng4 13. Nge4 Nxe4 14. Nxe4 {1-0 (59) Ponkratov,P (2613)-Sjugirov,S (2650) Riadh 2017}) 8... Na6 9. b3 Qe8 10. Ne1 $146 ({Predecessor:} 10. Ba3 f4 11. gxf4 exf4 12. Nd4 Ng4 13. Qd3 {1-0 (44) Poobesh Anand,S (2329)-Akshayraj,K (2300) Negombo 2003}) 10... Bd7 11. e3 h6 12. f4 e4 13. Bb2 g5 14. Ne2 Qg6 15. Nd4 Kh7 16. Bc3 Nc5 17. a3 gxf4 18. exf4 h5 19. Ne2 h4 20. b4 Na4 21. Bd4 b5 22. Nc2 Nh5 23. gxh4 Rg8 24. Ne3 Nb6 25. Bxb6 $1 cxb6 26. Rc1 axb4 27. axb4 Bxh4 28. Nd4 Ra3 29. Ndc2 Rd3 30. Qe2 bxc4 31. Kh1 Qh6 32. Nxf5 Bxf5 33. Bxe4 Ng3+ 34. hxg3 Bxg3+ 35. Kg1 Bh2+ 0-1

[Event "Budapest Spring Festival 2019"]
[Site "Budapest"]
[Date "2019.04.12"]
[Round "4.28"]
[White "Prraneeth, Vuppala"]
[Black "Srinath, Rao S.V."]
[Result "1/2-1/2"]
[ECO "D71"]
[WhiteElo "2177"]
[BlackElo "2416"]
[Annotator "ChessBase"]
[PlyCount "112"]
[EventDate "2019.04.09"]
[EventType "swiss"]
[EventCountry "HUN"]
[SourceTitle "playchess.com"]
[Source "ChessBase"]
[SourceQuality "1"]
[TimeControl "40/5400+30:1800+30"]

1. d4 Nf6 2. c4 g6 3. g3 c6 4. Bg2 d5 5. Qa4 dxc4 6. Qxc4 Bg7 7. Nc3 O-O 8. Nf3 Bf5 9. Qb3 Qc8 10. O-O Nbd7 11. Ng5 h6 12. e4 Bg4 13. Nf3 Re8 14. Ne5 Be6 15. Qc2 c5 16. Nxd7 cxd4 17. Nxf6+ Bxf6 18. f4 dxc3 19. e5 Qc5+ 20. Qf2 Qxf2+ 21. Rxf2 Bg7 22. bxc3 Rab8 23. Be3 b6 24. a4 Rec8 25. Bd4 h5 26. h4 Bf8 27. a5 Bd7 28. axb6 axb6 29. Ra7 Bc6 30. f5 Bxg2 31. Kxg2 Rc6 32. e6 f6 33. Re2 Kg7 34. fxg6 Kxg6 35. Kf3 b5 36. g4 hxg4+ 37. Kxg4 b4 38. h5+ Kg7 39. cxb4 Rxb4 40. Rd7 Rb5 41. Rd8 Rc4 42. Re4 Kg8 43. h6 f5+ 44. Kh5 Kh7 45. Rf4 Rxd4 46. Rfxd4 Bxh6 47. R8d7 f4+ 48. Kg4 Kg6 49. Rxe7 Rb3 50. Rxf4 Bxf4 51. Kxf4 Kf6 52. Re8 Rb4+ 53. Kf3 Rb6 54. e7 Re6 55. Kf4 Rxe7 56. Rxe7 Kxe7 1/2-1/2

[Event "Budapest Spring Festival 2019"]
[Site "Budapest"]
[Date "2019.04.12"]
[Round "4.29"]
[White "Popovic, Dusan"]
[Black "Nandhidhaa, P V"]
[Result "1/2-1/2"]
[ECO "B48"]
[WhiteElo "2503"]
[BlackElo "2314"]
[Annotator "ChessBase"]
[PlyCount "78"]
[EventDate "2019.04.09"]
[EventType "swiss"]
[EventCountry "HUN"]
[SourceTitle "playchess.com"]
[Source "ChessBase"]
[SourceQuality "1"]
[TimeControl "40/5400+30:1800+30"]

1. e4 c5 2. Nf3 e6 3. d4 cxd4 4. Nxd4 Nc6 5. Nc3 Qc7 6. Be3 a6 7. a3 Nf6 8. f4 d6 9. Qf3 Be7 10. O-O-O O-O 11. Be2 Nxd4 12. Bxd4 b5 13. g4 Bb7 14. g5 Nd7 15. Rhg1 e5 16. Be3 exf4 17. Qxf4 Ne5 18. Kb1 Rac8 19. Rg3 Nc4 20. Bxc4 Qxc4 21. Bd4 Qe6 22. Bf6 Rfe8 23. Bxe7 Qxe7 24. Rxd6 Rc4 25. Rgd3 Bxe4 26. Re3 h5 27. Kc1 Qc7 28. Rxe4 Rexe4 29. Nxe4 Rxe4 30. Qxe4 Qxd6 31. Qe8+ Qf8 32. Qe5 Qc8 33. b3 Qc6 34. Kd2 Kf8 35. Kd3 Qf3+ 36. Kd4 Qd1+ 37. Kc5 Qxc2+ 38. Kb4 Qd2+ 39. Kc5 Qc2+ 1/2-1/2

[Event "Budapest Spring Festival 2019"]
[Site "Budapest"]
[Date "2019.04.12"]
[Round "4.30"]
[White "Livaic, Leon"]
[Black "Budai, David"]
[Result "1-0"]
[ECO "E71"]
[WhiteElo "2474"]
[BlackElo "2308"]
[Annotator "ChessBase"]
[PlyCount "51"]
[EventDate "2019.04.09"]
[EventType "swiss"]
[EventCountry "HUN"]
[SourceTitle "playchess.com"]
[Source "ChessBase"]
[SourceQuality "1"]
[TimeControl "40/5400+30:1800+30"]

1. d4 Nf6 2. c4 g6 3. Nc3 Bg7 4. e4 d6 5. h3 O-O 6. Be3 Na6 7. g4 e5 8. d5 Nc5 9. f3 a5 10. Qd2 a4 11. Nge2 c6 12. Ng3 cxd5 13. cxd5 Qa5 14. Nb5 Qb6 15. Rc1 Nfd7 16. h4 h5 17. gxh5 f5 18. h6 Bh8 19. h7+ Kxh7 20. h5 f4 21. hxg6+ Kxg6 22. Nf5 Rxf5 23. exf5+ Kf7 24. Rxh8 fxe3 25. Qg2 Nf8 26. Qg8+ 1-0

[Event "Budapest Spring Festival 2019"]
[Site "Budapest"]
[Date "2019.04.12"]
[Round "4.31"]
[White "Torma, Robert"]
[Black "Polyik, Peter"]
[Result "0-1"]
[ECO "B40"]
[WhiteElo "2463"]
[BlackElo "2303"]
[Annotator "ChessBase"]
[PlyCount "141"]
[EventDate "2019.04.09"]
[EventType "swiss"]
[EventCountry "HUN"]
[SourceTitle "playchess.com"]
[Source "ChessBase"]
[SourceQuality "1"]
[TimeControl "40/5400+30:1800+30"]

1. e4 c5 2. Nf3 e6 3. g3 d5 4. exd5 exd5 5. d4 Nc6 6. Bg2 Bg4 7. O-O cxd4 8. Nbd2 Be7 9. h3 Bh5 10. Nb3 Bxf3 11. Qxf3 Nf6 12. Bg5 O-O 13. Rad1 Rc8 14. Rfe1 h6 15. Bxf6 Bxf6 16. Qxd5 Qxd5 17. Bxd5 Nb4 18. Be4 Nxc2 19. Re2 Nb4 20. a3 Nc6 21. Nc5 Ne5 22. Nxb7 Rc7 23. Na5 Rb8 24. f4 Ng6 25. b4 Rc3 26. Rd3 Rbc8 27. Red2 Re8 28. Bf5 Re3 29. Rxe3 dxe3 30. Rc2 Rxa3 31. Nc6 h5 32. h4 Nf8 33. Kg2 g6 34. Be4 Ne6 35. Bf3 Kg7 36. Be2 Nc7 37. b5 Nd5 38. Bc4 e2 39. Rxe2 Ne3+ 40. Rxe3 Rxe3 41. Nxa7 Rc3 42. Be2 Ra3 43. Nc6 Bc3 44. Kf2 Ra1 45. Ne5 Bxe5 46. fxe5 Ra3 47. Bc4 Rc3 48. Bd5 Rd3 49. Bc4 Rd4 50. Be2 Re4 51. Bd3 Rxe5 52. b6 Re6 53. b7 Rb6 54. Be4 Kf6 55. Bd5 Rb4 56. Kf3 Ke7 57. Ke3 f6 58. Kf2 Kd6 59. Be4 f5 60. Bf3 Ke5 61. Bc6 f4 62. Kg2 Rb2+ 63. Kh3 Rb3 64. Kh2 fxg3+ 65. Kh3 Kf4 66. Bd5 Rb2 67. Bg2 Rb6 68. Bc6 g2 69. Kxg2 Kg4 70. Be4 Kxh4 71. Bd5 0-1

[Event "Budapest Spring Festival 2019"]
[Site "Budapest"]
[Date "2019.04.12"]
[Round "4.32"]
[White "Bayramov, Zaur"]
[Black "Shagbazyan, Taron"]
[Result "1/2-1/2"]
[ECO "A47"]
[WhiteElo "2301"]
[BlackElo "2429"]
[Annotator "NA"]
[PlyCount "152"]
[EventDate "2019.04.09"]
[EventType "swiss"]
[EventCountry "HUN"]
[SourceTitle "playchess.com"]
[Source "ChessBase"]
[SourceQuality "1"]
[TimeControl "40/5400+30:1800+30"]

1. d4 Nf6 2. Nf3 b6 3. Bf4 Bb7 4. Nbd2 g6 5. c3 Bg7 6. Qc2 c5 7. e3 O-O 8. Be2 d6 9. h3 Nbd7 10. O-O Qc7 11. Bh2 Rac8 {[%emt 0:10:00] A48: 1 d4 Nf6 2 Nf3 g6: Torre, London and Colle Systems} 12. Rfe1 (12. Rfc1 Qb8 13. Qd1 Qa8 14. Qf1 Ne4 15. Ba6 Nxd2 16. Nxd2 cxd4 17. cxd4 Rxc1 18. Rxc1 Rc8 19. Bxb7 Qxb7 20. Rxc8+ {½-½ (20) Krivoshey,S (2471)-Gladyszev,O (2426) Elets 2014}) 12... a6 13. a4 Qb8 14. Bd3 $146 ({Predecessor:} 14. Qb3 Qa8 15. Rec1 Ne4 16. Nxe4 Bxe4 17. Ne1 Qb7 18. f3 Bc6 19. Bg3 Bh6 20. Bf2 e5 {0-1 (34) Jezek,J (2171)-Jurek,J (2248) Plzen 2018}) 14... Qa8 15. Qb1 cxd4 16. exd4 Rfe8 17. Qa2 Bh6 18. Bf1 Nd5 19. Qb3 Nf4 20. Bxf4 Bxf4 21. Qc2 Nf6 22. Be2 Bh6 23. Nc4 Qa7 24. Qb3 Nd5 25. Nfd2 Bxd2 26. Nxd2 Nf4 27. Bf3 Bxf3 28. Nxf3 Qb7 29. Re3 b5 30. axb5 axb5 31. Ra5 Rb8 32. Kh2 Qd5 33. Qxd5 Nxd5 34. Re1 e6 35. Nd2 Rb6 36. c4 Nc7 37. c5 dxc5 38. dxc5 Ra6 39. Rea1 Rea8 40. Nb3 Kf8 41. Kg3 Ke7 42. Kf4 Rxa5 43. Rxa5 Rxa5 44. Nxa5 f6 45. Ke4 Na6 46. Kd4 (46. Nb3 $11) 46... e5+ 47. Kd5 $17 {[%emt 0:02:26] [#]} Nb4+ $1 48. Ke4 Ke6 49. g4 f5+ 50. gxf5+ gxf5+ 51. Ke3 Kd5 52. f4 Kxc5 53. fxe5 Kd5 54. e6 Kxe6 55. Kd4 h5 56. h4 Nc2+ 57. Kc3 Ne3 58. Kd3 Ng2 59. Nc6 Kd5 60. Ne7+ Ke5 61. Nc6+ Kf4 62. Nd4 b4 63. Nc2 b3 64. Nd4 Nxh4 65. Nxb3 Nf3 66. Ke2 Kg3 67. Kf1 h4 68. Nc1 Nd4 69. b4 h3 70. Kg1 f4 71. Nd3 h2+ 72. Kh1 f3 73. Nc5 Nf5 74. Ne4+ Kf4 75. Nf2 Ke3 76. Nh3 Kd4 1/2-1/2

[Event "Budapest Spring Festival 2019"]
[Site "Budapest"]
[Date "2019.04.12"]
[Round "4.33"]
[White "Horvath, Dominik"]
[Black "Urhegyi, Marton"]
[Result "1/2-1/2"]
[ECO "D37"]
[WhiteElo "2412"]
[BlackElo "2299"]
[Annotator "ChessBase"]
[PlyCount "75"]
[EventDate "2019.04.09"]
[EventType "swiss"]
[EventCountry "HUN"]
[SourceTitle "playchess.com"]
[Source "ChessBase"]
[SourceQuality "1"]
[TimeControl "40/5400+30:1800+30"]

1. d4 d5 2. Nf3 Nf6 3. c4 e6 4. Nc3 Be7 5. Bf4 O-O 6. e3 b6 7. Bd3 Bb7 8. cxd5 exd5 9. O-O Nbd7 10. Rc1 c5 11. Ne5 Nxe5 12. Bxe5 Nd7 13. Bf4 a6 14. Qf3 Kh8 15. Rfd1 cxd4 16. exd4 Re8 17. Na4 Rc8 18. Rxc8 Qxc8 19. Rc1 Bc6 20. Bf5 Qb7 21. Nc3 Bf6 22. Qd3 Nf8 23. h3 b5 24. b4 Bd7 25. Bxd7 Qxd7 26. Qf3 Ne6 27. Be3 Bxd4 28. Qxd5 Qxd5 29. Nxd5 Rd8 30. Bxd4 Nxd4 31. Rc7 Ne6 32. Re7 g6 33. Nf6 Kg7 34. Ng4 Rd2 35. a3 h5 36. Ne5 Kf6 37. Rd7 Rxd7 38. Nxd7+ {Ke5} 1/2-1/2

[Event "Budapest Spring Festival 2019"]
[Site "Budapest"]
[Date "2019.04.12"]
[Round "4.34"]
[White "Nomin-Erdene, Davaademberel"]
[Black "Lyell, Mark"]
[Result "1-0"]
[ECO "B00"]
[WhiteElo "2399"]
[BlackElo "2298"]
[Annotator "NA"]
[PlyCount "103"]
[EventDate "2019.04.09"]
[EventType "swiss"]
[EventCountry "HUN"]
[SourceTitle "playchess.com"]
[Source "ChessBase"]
[SourceQuality "1"]
[TimeControl "40/5400+30:1800+30"]

1. e4 d6 2. d4 g6 3. Nc3 a6 4. a4 Bg7 5. Be3 Nf6 6. f3 Nc6 {[%emt 0:00:08] B06: Modern Defence} (6... c6 7. Qd2 h5 8. Bd3 a5 9. Nge2 Na6 10. O-O O-O 11. Kh1 e5 12. Bc4 Nb4 13. Bb3 Qc7 14. Bh6 {½-½ (70) Radjabov,T (2745)-Nakamura,H (2775) Stavanger 2013}) 7. Qd2 e5 8. d5 Ne7 9. Rd1 O-O 10. g4 Ne8 $146 ({Predecessor:} 10... c6 11. dxc6 Nxc6 12. Qxd6 Nd4 13. Qxd8 Rxd8 14. Bd3 {0-1 (42) Bolacky,J (2155)-Vokac,M (2520) Ceske Budejovice 2000}) 11. h4 f5 12. g5 fxe4 13. Nxe4 Nf5 14. Bf2 Nd4 15. Bg2 c6 16. c3 Nf5 17. Bf1 Qe7 18. Bc4 b5 19. Ba2 bxa4 20. h5 gxh5 21. Rxh5 Qf7 22. g6 Qxg6 23. dxc6+ Be6 24. Bxe6+ Qxe6 25. Ng5 Qc4 26. Nxh7 Nf6 27. Rxf5 Nxh7 28. Rxf8+ Bxf8 29. c7 Nf6 30. Qg5+ Kf7 31. Bh4 Qe6 32. Nh3 Bg7 33. Qg2 Bh6 34. Ng5+ Bxg5 35. Qxg5 Rc8 36. Qxf6+ Qxf6 37. Bxf6 Kxf6 38. Rxd6+ Kf5 39. Rxa6 Rxc7 40. Rxa4 Rh7 41. Re4 Rh3 42. Re3 Kf4 43. Kd2 Rh2+ 44. Re2 Rh5 45. Re4+ Kxf3 46. Kd3 Kf2 47. Kc4 Kf3 48. Kd5 Rh2 49. b4 Rc2 50. c4 Rd2+ 51. Kxe5 Rd8 52. Rh4 $18 {[%emt 0:00:57] Ke4+ Kxe4} 1-0

[Event "Budapest Spring Festival 2019"]
[Site "Budapest"]
[Date "2019.04.12"]
[Round "4.35"]
[White "Turzo, Attila"]
[Black "Taylor, Adam C"]
[Result "0-1"]
[ECO "A62"]
[WhiteElo "2296"]
[BlackElo "2398"]
[Annotator "NA"]
[PlyCount "91"]
[EventDate "2019.04.09"]
[EventType "swiss"]
[EventCountry "HUN"]
[SourceTitle "playchess.com"]
[Source "ChessBase"]
[SourceQuality "1"]
[TimeControl "40/5400+30:1800+30"]

1. d4 Nf6 2. c4 c5 3. d5 e6 4. Nc3 exd5 5. cxd5 d6 6. Nf3 g6 7. g3 Bg7 8. Bg2 O-O 9. O-O Bg4 10. h3 Bxf3 11. Bxf3 Qd7 12. Bg2 b5 13. Qc2 Na6 14. e4 Rfe8 15. a3 $11 c4 16. Be3 Rac8 17. Rae1 Nc5 18. Bxc5 Rxc5 19. f4 a5 20. e5 dxe5 21. fxe5 Nxd5 22. Qf2 Nxc3 23. Qxc5 Na4 24. Qd5 Qxd5 25. Bxd5 Re7 26. Rxf7 Rxf7 27. Rf1 Bxe5 28. Rxf7 Kh8 29. Rb7 Nxb2 30. Rxb5 c3 31. Be4 Bd4+ 32. Kg2 Nc4 33. a4 Kg7 34. Rb7+ Kf6 35. Rc7 Ke5 36. Bd3 Nb6 37. Bc2 Nd5 38. Rxh7 Ne3+ 39. Kf3 Nxc2 40. Ke2 Nb4 41. Rc7 c2 42. h4 Bb2 43. Kd2 Kf5 44. Rc4 c1=Q+ 45. Rxc1 Bxc1+ 46. Kxc1 0-1

[Event "Budapest Spring Festival 2019"]
[Site "Budapest"]
[Date "2019.04.12"]
[Round "4.36"]
[White "Nguyen, Van Thanh"]
[Black "Nemeth, Zoltan"]
[Result "1-0"]
[ECO "E12"]
[WhiteElo "2391"]
[BlackElo "2279"]
[Annotator "NA"]
[PlyCount "69"]
[EventDate "2019.04.09"]
[EventType "swiss"]
[EventCountry "HUN"]
[SourceTitle "playchess.com"]
[Source "ChessBase"]
[SourceQuality "1"]
[TimeControl "40/5400+30:1800+30"]

1. d4 Nf6 2. Nf3 b6 3. c4 e6 4. a3 Bb7 5. Nc3 Be7 6. d5 O-O 7. e4 d6 8. Be2 a5 {[%emt 0:03:14] E12: Queen's Indian: Unusual White 4th moves, 4 a3, 4 Nc3 Bb7 5 a3 and 4 Nc3 Bb7} (8... Nbd7 9. O-O a5 10. Be3 Ng4 11. Bd2 Bf6 12. Ne1 Nge5 13. Rc1 Ng6 14. b4 axb4 15. axb4 c5 16. dxc6 Bxc6 {0-1 (57) Smeets,J (2643)-Bartel,M (2619) Biel 2013}) 9. Nd4 c5 10. Ndb5 $146 ({Predecessor:} 10. Nc2 Re8 11. O-O Bf8 12. Bg5 Nbd7 13. Ne3 Be7 14. dxe6 fxe6 15. Qc2 Ng4 16. Bf4 Nxe3 17. Bxe3 {1-0 (46) Lorincz,I (2370)-Pal,G (2230) Budapest 1994}) 10... e5 11. O-O Ba6 12. Qd3 Bxb5 (12... Ne8 $16) 13. Nxb5 Ne8 14. g3 Nc7 15. Nc3 Bg5 16. f4 Bf6 17. Kh1 Nd7 18. Bd2 exf4 19. gxf4 $16 ({Don't do} 19. Bxf4 $6 Qe7 $14) 19... Bd4 20. Rae1 Re8 21. Bd1 Rb8 22. Ba4 Re7 23. e5 b5 24. exd6 Rxe1 25. Rxe1 Nxd5 26. Nxd5 bxa4 27. Ne7+ Kh8 28. Nc6 Qb6 29. Nxb8 Qxb8 30. Bc3 Bxc3 31. bxc3 Kg8 32. Re7 Nf8 33. Qf5 f6 34. Qxc5 Qb1+ 35. Qg1 1-0

[Event "Budapest Spring Festival 2019"]
[Site "Budapest"]
[Date "2019.04.12"]
[Round "4.37"]
[White "Bronstein, Or"]
[Black "Karacsonyi, Gellert"]
[Result "1-0"]
[ECO "E04"]
[WhiteElo "2387"]
[BlackElo "2279"]
[Annotator "NA"]
[PlyCount "79"]
[EventDate "2019.04.09"]
[EventType "swiss"]
[EventCountry "HUN"]
[SourceTitle "playchess.com"]
[Source "ChessBase"]
[SourceQuality "1"]
[TimeControl "40/5400+30:1800+30"]

1. d4 Nf6 2. c4 e6 3. Nf3 d5 4. g3 dxc4 5. Bg2 Bd7 6. Ne5 Bc6 7. Nxc6 Nxc6 8. O-O Qd7 9. e3 O-O-O 10. Nc3 Nd5 11. Bd2 Bb4 12. Na4 Bxd2 13. Qxd2 Nb6 14. Nc5 Qd6 15. b4 cxb3 16. Rfc1 Nd5 17. Qe2 b2 18. Qxb2 b6 19. Na6 Nb8 20. Qb5 Nxa6 21. Qxa6+ Kb8 22. e4 Nb4 23. Qc4 Qxd4 24. Qxc7+ Ka8 25. e5+ Nd5 26. Rd1 Qg4 27. a4 Qb4 28. Rac1 Rhf8 29. a5 Qb5 30. axb6 Qxb6 31. Qc4 Qb7 32. Rb1 Qd7 33. Qc5 f6 34. Ra1 Rf7 35. Ra6 Qc7 36. Qxc7 Rxc7 37. Rxe6 Rcd7 38. Rd6 Rxd6 39. exd6 Rxd6 40. Rxd5 1-0

[Event "Budapest Spring Festival 2019"]
[Site "Budapest"]
[Date "2019.04.12"]
[Round "4.38"]
[White "Kathmale, Sameer"]
[Black "Ravi, Teja S."]
[Result "0-1"]
[ECO "B90"]
[WhiteElo "2279"]
[BlackElo "2383"]
[Annotator "NA"]
[PlyCount "132"]
[EventDate "2019.04.09"]
[EventType "swiss"]
[EventCountry "HUN"]
[SourceTitle "playchess.com"]
[Source "ChessBase"]
[SourceQuality "1"]
[TimeControl "40/5400+30:1800+30"]

1. e4 c5 2. Nf3 d6 3. d4 cxd4 4. Nxd4 Nf6 5. Nc3 a6 6. Nb3 g6 7. Be2 Bg7 8. Be3 O-O 9. O-O Nc6 10. f4 Bd7 11. Bf3 Rc8 {[%emt 0:02:07] B74: Sicilian Dragon: Classical System with 9 Nb3} 12. Nd5 Nxd5 13. exd5 Na5 14. Nxa5 Qxa5 15. c3 b5 16. a3 {[%emt 0:05:37] [#]} Rfe8 $146 ({Predecessor:} 16... Qc7 17. Qd2 a5 18. Bd4 Bxd4+ 19. Qxd4 {0-1 (45) Camacho,C (2170)-Kosintseva,N (2517) Richardson 2014}) 17. Re1 Qc7 18. Bd4 Bxd4+ 19. Qxd4 Qc5 20. Rad1 h5 21. Kf2 a5 22. Re3 Qxd4 23. Rxd4 Rc5 24. Be2 Kf8 25. h3 Rb8 26. g4 h4 27. g5 Rbc8 28. Bg4 Bf5 29. Bxf5 gxf5 30. Red3 Kg7 31. Re3 R8c7 32. Ke2 Kg6 33. Kd2 b4 34. axb4 axb4 35. Rxb4 Rxd5+ 36. Rd4 Rb5 37. b4 f6 38. gxf6 Kxf6 39. Kc2 Rc6 40. Kb3 e5 41. fxe5+ dxe5 42. Rxh4 Kg5 43. Rh8 e4 44. c4 Re5 45. h4+ Kf4 46. Re1 e3 47. b5 Rd6 48. h5 e2 49. Rg8 Rd1 50. Rgg1 Rxe1 51. Rxe1 Ke3 $19 52. b6 f4 53. b7 Re8 54. c5 f3 55. c6 f2 56. Rxe2+ Kxe2 57. c7 f1=Q 58. c8=Q Qf3+ 59. Kb2 Qf8 60. Qc4+ Kf3 61. Qd5+ Kg4 62. Qd1+ Kg5 63. Qd5+ Kh6 64. Kc3 Re3+ 65. Kc4 Qf4+ 66. Kc5 Re5 {[%emt 0:00:05] Kd4} 0-1

[Event "Budapest Spring Festival 2019"]
[Site "Budapest"]
[Date "2019.04.12"]
[Round "4.39"]
[White "Hando, Vilmos"]
[Black "Geher, Koppany"]
[Result "1-0"]
[ECO "A10"]
[WhiteElo "2382"]
[BlackElo "2148"]
[Annotator "NA"]
[PlyCount "133"]
[EventDate "2019.04.09"]
[EventType "swiss"]
[EventCountry "HUN"]
[SourceTitle "playchess.com"]
[Source "ChessBase"]
[SourceQuality "1"]
[TimeControl "40/5400+30:1800+30"]

1. c4 g6 2. Nc3 c5 3. Nf3 Bg7 4. d4 cxd4 5. Nxd4 Nc6 6. Nc2 Nf6 7. e4 d6 8. Bd3 O-O 9. O-O Nd7 {[%emt 0:03:38] B37: Sicilian: Maroczy Bind with 5...Bg7, sidelines} 10. f3 $146 ({Predecessor:} 10. Re1 Nc5 11. Bf1 b6 12. Qd2 Bb7 13. b3 f5 14. exf5 gxf5 15. Bb2 f4 16. Rad1 Kh8 17. Ba1 {½-½ (17) Cigan,S (2358)-Schreiner,P (2419) Austria 2015}) 10... Nc5 11. Rb1 Be6 12. Nd5 a5 13. Bg5 Bxd5 14. cxd5 Nb4 15. Bc4 Nxc2 16. Qxc2 b5 17. Be2 b4 18. Kh1 Qd7 19. Bc4 Rfc8 20. Qe2 Rab8 21. b3 Rc7 22. Be3 Qc8 23. Bb5 Bc3 24. Rbd1 Qb7 25. Bc6 Qa6 26. Qxa6 Nxa6 27. Rc1 f6 28. g3 Kf7 29. Kg2 Nc5 30. Bxc5 dxc5 31. a4 Rd8 32. f4 e6 33. Rfd1 Ke7 34. Kf3 exd5 35. Bxd5 Rcd7 36. g4 f5 37. g5 Kf8 38. Rd3 fxe4+ 39. Kxe4 Re7+ 40. Kf3 Bd4 41. Bc4 Rde8 42. Kg4 Re3 43. Rxe3 Rxe3 44. h4 Kg7 45. h5 h6 46. hxg6 hxg5 47. Kxg5 Rg3+ 48. Kf5 Rxg6 49. Re1 Rf6+ $16 50. Kg4 Rg6+ 51. Kf3 Kf8 52. Rh1 Ke7 53. Rh7+ Rg7 54. Rh6 Bf6 55. Ke4 Rg2 56. Kf5 Bc3 57. Ra6 Bd2 58. Ra7+ Kf8 59. Ke5 Rg4 60. f5 Rxc4 61. bxc4 b3 62. Rb7 Bb4 63. Ke6 b2 64. f6 Kg8 65. Rg7+ Kf8 66. Rg1 Bc3 67. Rh1 1-0

[Event "Budapest Spring Festival 2019"]
[Site "Budapest"]
[Date "2019.04.12"]
[Round "4.40"]
[White "Havanecz, Bianka"]
[Black "Lye, Lik Zang"]
[Result "1/2-1/2"]
[ECO "D18"]
[WhiteElo "2265"]
[BlackElo "2377"]
[Annotator "ChessBase"]
[PlyCount "129"]
[EventDate "2019.04.09"]
[EventType "swiss"]
[EventCountry "HUN"]
[SourceTitle "playchess.com"]
[Source "ChessBase"]
[SourceQuality "1"]
[TimeControl "40/5400+30:1800+30"]

1. c4 c6 2. d4 Nf6 3. Nf3 d5 4. Nc3 dxc4 5. a4 Bf5 6. e3 e6 7. Bxc4 Bb4 8. O-O Nbd7 9. Qe2 Bg6 10. e4 O-O 11. Bd3 Bh5 12. e5 Nd5 13. Nxd5 cxd5 14. Qe3 Re8 15. Ng5 Bg6 16. Bxg6 fxg6 17. Qh3 Nf8 18. Be3 Rc8 19. Rfc1 Qd7 20. Qf3 Rxc1+ 21. Bxc1 Rc8 22. h4 h6 23. Nh3 Rc4 24. Qd1 Qc6 25. Nf4 Be7 26. g3 Qb6 27. Ne2 Rc7 28. Kg2 Qc6 29. Qd3 Qc2 30. Qxc2 Rxc2 31. Kf3 Nd7 32. Ke3 Nb8 33. Kd3 Rc8 34. Bd2 Nc6 35. Rc1 Kf7 36. Ke3 Bd8 37. b4 Ne7 38. Rxc8 Nxc8 39. a5 a6 40. Kd3 Na7 41. Kc3 Nb5+ 42. Kb3 Bc7 43. Be3 Bb8 44. Kc2 Bc7 45. Nc1 b6 46. Nb3 Ke7 47. Kd3 Kd7 48. Bd2 Na3 49. Be1 Kc6 50. axb6 Bxb6 51. Nc1 Bxd4 52. Kxd4 Nc2+ 53. Kc3 Nxe1 54. f4 Nf3 55. Nb3 g5 56. hxg5 hxg5 57. Nc5 gxf4 58. gxf4 g5 59. fxg5 Nxg5 60. Nxa6 Nf3 61. Nc5 Nxe5 62. Nxe6 Kb6 63. Kd4 Nc6+ 64. Kxd5 Nxb4+ 65. Ke4 1/2-1/2